 Dungeon Crawl Stone Soup version 0.30.1-4-g462c640d31 (webtiles) character file.

Game seed: 2618706002502932212

21 Bobit the Vexing (level 2, 0/20 (23) HPs)
             Began as a Gnoll Hexslinger on Aug 13, 2023.
             Was a Follower of Vehumet.
             Succumbed to an adder's poison
             ... on level 2 of the Dungeon.
             The game lasted 00:01:41 (702 turns).

Bobit the Vexing (Gnoll Hexslinger)                  Turns: 702, Time: 00:01:41

HP:   0/20 (23)     AC:  2    Str:  9    XL:     2   Next: 87%
MP:   5/5           EV: 13    Int: 12    God:    Vehumet [*.....]
Gold: 57            SH:  0    Dex: 12    Spells: 4/6 levels left

rFire   . . .        h - +3 dagger (drain)
rCold   . . .        (no shield)
rNeg    . . .        c - +0 robe
rPois   .            (no helmet)
rElec   .            (no cloak)
rCorr   .            (no gloves)
SInv    .            (no boots)
Will    .....        (no amulet)
Stlth   +            (no ring)
HPRegen 0.23/turn    (no ring)
MPRegen 0.09/turn

%: no passive effects
@: lethally poisoned (0 -> -2), heavily drained
A: fangs 1, strong nose, distributed training
a: Renounce Religion


You were on level 2 of the Dungeon.
You worshipped Vehumet.
Vehumet was aware of your devotion.
You visited 1 branch of the dungeon, and saw 2 of its levels.

You collected 57 gold pieces.

Inventory:

Hand Weapons
 a - a +1 sling
 h - a +3 dagger of draining (weapon)
Armour
 c - a +0 robe (worn)
Jewellery
 f - a ring of protection from cold
 l - an amulet of guardian spirit
Scrolls
 b - a scroll of poison
 d - 2 scrolls of magic mapping {unknown}
 e - 2 scrolls of identify {unknown}
Potions
 g - 2 potions of haste {unknown}
 i - a potion of might {unknown}
 j - 2 potions of degeneration {unknown}
 k - 2 potions of curing {unknown}


   Skills:
 + Level 2.5 Fighting
 + Level 0.5 Short Blades
 + Level 0.5 Long Blades
 + Level 0.5 Axes
 + Level 0.5 Maces & Flails
 + Level 0.5 Polearms
 + Level 0.5 Staves
 + Level 4.5 Ranged Weapons
 + Level 0.5 Throwing
 + Level 0.5 Armour
 + Level 4.5 Dodging
 + Level 0.5 Stealth
 + Level 0.5 Shields
 + Level 0.5 Unarmed Combat
 + Level 2.7 Spellcasting
 + Level 0.4 Conjurations
 + Level 5.4 Hexes
 + Level 0.4 Summonings
 + Level 0.4 Necromancy
 + Level 0.4 Translocations
 + Level 0.4 Transmutations
 + Level 0.4 Fire Magic
 + Level 0.4 Ice Magic
 + Level 0.4 Air Magic
 + Level 0.4 Earth Magic
 + Level 0.4 Poison Magic
 + Level 0.7 Invocations
 + Level 0.5 Evocations


You had 4 spell levels left.
You knew the following spells:

 Your Spells              Type           Power      Damage    Failure   Level
a - Slow                  Hex            56%        N/A       2%          1
b - Freeze                Ice            8%         1d3       22%         1

Your spell library contained the following spells:

 Spells                   Type           Power      Damage    Failure   Level
 Inner Flame              Hex/Fire       8%         N/A       22%         3
 Portal Projectile        Hex/Tloc       16%        N/A       22%         3
 Cause Fear               Hex            7%         N/A       26%         4


Dungeon Overview and Level Annotations

Branches:
Dungeon (2/15)

Altars:
Vehumet


Innate Abilities, Weirdness & Mutations

You have very sharp teeth.
Your uncanny sense of smell can sniff out nearby items.
Your experience applies equally to all skills.


Message History

An adder is nearby!
The adder hisses angrily.
Found 12 gold pieces.
Found a stone staircase leading up.
The adder closely misses you.
You miss the adder. The adder barely misses you.
You miss the adder. The adder bites you.
You are poisoned.
The adder poisons you!
You closely miss the adder.
You feel sick. The adder bites you.
You are more poisoned.
The adder poisons you! The adder completely misses you.
You miss the adder.
You feel sick. The adder misses you.
You barely miss the adder.
You feel very sick. The adder bites you.
* * * LOW HITPOINT WARNING * * *
You are too injured to fight recklessly!
You are too injured to fight recklessly!
You are too injured to fight recklessly!
You are too injured to fight recklessly!
You are too injured to fight recklessly!
There is a lethal amount of poison in your body!
There is a lethal amount of poison in your body!
You barely miss the adder. Your bite misses the adder.
* * * LOW HITPOINT WARNING * * *
You feel sick. The adder misses you.
You miss the adder.
* * * LOW HITPOINT WARNING * * *
You feel sick. The adder completely misses you.
The adder bites you but does no damage.
You barely miss the adder.
* * * LOW HITPOINT WARNING * * *
You feel sick. The adder bites you but does no damage.
You hit the adder.
The adder is lightly wounded.
* * * LOW HITPOINT WARNING * * *
You feel sick. The adder closely misses you.
You barely miss the adder. Your bite misses the adder.
The adder is lightly wounded.
You die...

### ..
...######.. .
..#....... #.#
..#....... #.#
#.#....... #.#
#.#.......
#.#####
#######.#S......
.......
........@.......
...###
######.#.......
.....#######
#.#<......
....)......#
#.#...$...
...........#
#.#.####.#
#.#........#
#.#.. #
#.#.†......#
#.###
#.#...[....####.#
...........'....#


You could see an adder.

Vanquished Creatures
  2 ball pythons
  2 bats (D:1)
  3 endoplasms (D:1)
  4 giant cockroaches
  A goblin (D:1)
  3 hobgoblins (D:1)
  2 frilled lizards (D:1)
  A kobold (D:2)
18 creatures vanquished.

Notes
Turn   | Place    | Note
-------+----------+-------------------------------------------
     0 | D:1      | Bobit the Gnoll Hexslinger began the quest for the Orb.
     0 | D:1      | Reached XP level 1. HP: 17/17 MP: 4/4
   229 | D:1      | Reached XP level 2. HP: 23/23 MP: 5/5
   244 | D:1      | Found a faded altar of an unknown god.
   257 | D:1      | Prayed at the altar of an unknown god.
   257 | D:1      | Became a worshipper of Vehumet
   257 | D:1      | Reached * piety under Vehumet
   257 | D:1      | Offered knowledge of Freeze by Vehumet.
   266 | D:1      | Learned a level 1 spell: Freeze
   632 | D:1      | You fall into a shaft and drop 1 floor!
   701 | D:2      | HP: 1/20 [poisoned by an adder]
   702 | D:2      | Succumbed to an adder's poison

Illustrated notes

Levels and vault maps discovered:
D:1:      psy_arrival_spokes, layout_loops_ring,
          hellmonk_ecumenical_altar_arch_garden
D:2:      layout_basic, basic_altar, serial_shops,
          nicolae_shop_temple_entry_statues_fountains, uniq_sigmund,
          uniq_crazy_yiuf_cottage, uniq_robin

Action                     || total
---------------------------++-------
  Melee: Dagger            ||    16
   Fire: Sling             ||    43
   Stab: Sleeping          ||     2
 Armour: Robe              ||     5
  Dodge: Dodged            ||    19
